cohdb
Replays
Latest Replays
All Replays
Popular Replays
Top Player Replays
Match Explorer
How It Works
Community
CoH3 Stats
Reddit
Sign in to upload your games and track your stats! →
Sign in with Steam
Match 28616451
Unlisted
Match 28616451
Overview
Messages
Build Orders
End
Panzerpioneer Squad
Selects Italian Infantry
250 Light Carrier
Panzergrenadier Squad
Panzergrenadier Squad
Construct Light Support Kompanie
2.5-tonne Medical Truck
MG34 Team
Selects Guastatori Squad
Selects L6/40 Light Tank Combat Group
Assault Mechanized Group
Construct Mechanized Kompanie
Fire Support Elements
le.IG 18 Support Gun Team
Pak 38 Anti-tank Gun Team
Selects Defensive Operations
Selects Sound the Alarm
Selects Prepared Positions
le.IG 18 Mechanized Group
Construct Panzerarmee Kommand
Panzer III L Medium Tank
Panzer III L Medium Tank
Selects Obice 305mm Barrage
Obice 305mm Barrage
Tungsten Core Ammunition
Selects Towed Cannone da 105/28 Field Howitzer
Sound the Alarm
Panzer III L Medium Tank
Obice 305mm Barrage
Panzer III L Medium Tank
soy_migueleitro
ikersus25
oaksanti13
Raystag14
墨书
Friendly Mouse(Poxie)
gameing
Pepe87
0
0
Comments
sign in to comment!
No comments posted yet!